 Dungeon Crawl Stone Soup version 0.26-a0-110-g95b6527cb0 (webtiles) character file.

Game seed: 5943173928362136328

9727 MrRokkomies the Archer (level 11, 0/100 (101) HPs)
             Began as a Centaur Hunter on June 23, 2020.
             Was a High Priest of Okawaru.
             Slain by an elephant (3 damage)
             ... on level 8 of the Dungeon.
             The game lasted 00:24:16 (13098 turns).

MrRokkomies the Archer (Centaur Hunter)            Turns: 13098, Time: 00:24:16

HP:   0/100 (101)   AC: 13    Str: 23    XL:     11   Next: 26%
MP:   14/14         EV:  7    Int: 10    God:    Okawaru [*****.]
Gold: 465           SH:  5    Dex: 12    Spells: 10/10 levels left

rFire    + + .     SeeInvis .   a - +1 shortbow
rCold    + + +     Faith    .   (shield currently unavailable)
rNeg     . . .     Spirit   .   q - +1 shadow dragon scales
rPois    .         Reflect  +   (no helmet)
rElec    .         Harm     .   c - scarf {rC+ rF+}
rCorr    +                      k - +0 pair of gloves "Geunt" {*Slow rC++ Str+7}
MR       .....                  (no barding)
Stlth    ++........             h - amulet of reflection
HPRegen  0.26/turn              B - ring of resist corrosion
MPRegen  0.14/turn              w - ring of protection from fire

@: very quick
A: large, hooves 3, deformed body, speed 2, tough skin 3
a: Heroism, Finesse, Renounce Religion


You were on level 8 of the Dungeon.
You worshipped Okawaru.
Okawaru was extremely pleased with you.
You were hungry.

You visited 2 branches of the dungeon, and saw 9 of its levels.

You collected 465 gold pieces.

Inventory:

Hand Weapons
 a - a +1 shortbow (weapon)
 b - a +4 scimitar of flaming
 A - a +1 dagger of venom
Missiles
 e - 37 poisoned darts
 r - 92 arrows (quivered)
Armour
 c - a scarf of resistance (worn)
 k - the +0 pair of gloves "Geunt" (worn) {*Slow rC++ Str+7}
   (You found it on level 4 of the Dungeon)

   It affects your strength (+7).
   It greatly protects you from cold.
   It may slow you when you take damage.
 q - +1 shadow dragon scales (worn)
Jewellery
 h - an amulet of reflection (around neck)
 i - an uncursed ring of flight
 w - a ring of protection from fire (right hand)
 B - a ring of resist corrosion (left hand)
Wands
 p - a wand of disintegration (6)
 u - a wand of paralysis (6)
 y - a wand of clouds (4)
 C - a wand of polymorph (9)
Scrolls
 d - a scroll of blinking {unknown}
 j - a scroll of fear
 o - 3 scrolls of remove curse
 t - a scroll of teleportation
 v - a scroll of fog
 z - 3 scrolls of identify
Potions
 g - a potion of ambrosia
 l - a potion of curing
 m - a potion of lignification
 n - 5 potions of flight
 s - 4 potions of heal wounds {unknown}
Comestibles
 f - 15 rations


   Skills:
 - Level 10.5 Fighting
 * Level 3.2 Long Blades
 + Level 11.6 Bows
 * Level 8.0 Armour
 - Level 2.2 Dodging
 - Level 0.4 Stealth
 + Level 4.1 Invocations


You had 10 spell levels left.
You didn't know any spells.
Your spell library contained the following spells:

 Spells                   Type           Power        Failure   Level  Hunger
 Confusing Touch          Hex            #.......     100%        3    ####...
 Gell's Gravitas          Tloc           #.........   100%        3    ####...
 Petrify                  Tmut/Erth      #.......     100%        4    #####..
 Bolt of Magma            Conj/Fire/Erth #.........   100%        5    ######.
 Iskenderun's Battlesphe  Conj/Chrm      #.......     100%        5    ######.
 Metabolic Englaciation   Hex/Ice        #.........   100%        5    ######.
 Yara's Violent Unravell  Hex/Tmut       #.........   100%        5    ######.
 Iron Shot                Conj/Erth      #.........   100%        6    #######
 Orb of Destruction       Conj           #.........   100%        7    #######
 Spellforged Servitor     Conj/Summ      #.........   100%        7    #######


Dungeon Overview and Level Annotations

Branches:
Dungeon (8/15)             Temple (0/1) D:5            Lair (1/6) D:8

Altars:
Cheibriados
Dithmenos
Fedhas
Gozag
Kikubaaqudgha
Nemelex Xobeh
Okawaru
Qazlal
Ru
Sif Muna
Uskayaw
Vehumet
The Shining One

Annotations:
D:3 3 runed translucent doors, Arctilankyr's ghost, weakling NaBe


Innate Abilities, Weirdness & Mutations

You have hooves in place of feet.
Armour fits poorly on your strangely shaped body.
You cover ground very quickly.
You have extremely tough skin. (AC +3)


Message History

The elephant is almost dead.
You are feeling hungry.
The elephant tramples you!
* * * LOW HITPOINT WARNING * * *
You stumble backwards!
There is a staircase back to the Dungeon, spattered with blood here.
The elephant tramples you!
* * * LOW HITPOINT WARNING * * *
You hold your ground!
The elephant trunk-slaps you.
* * * LOW HITPOINT WARNING * * *
You climb upwards.
Welcome back to the Dungeon!
There is a staircase to the Lair, spattered with blood here.
You see here a -4 ring of dexterity.
Okay, then.
Unknown command.
As you read the scroll of fear, it crumbles to dust.
You assume a fearsome visage.
The elephant resists with almost no effort.
The elephant tramples you.
You die... ########### ##PPPPPPPP.##

#PP..YP....P##
#PP.@.[.P.P..## #####
#PPP..P..P....###...#
#PPPPP.PP...........#
#PP.P.......#####...#
##.PP..P...## #...#
###.....### #...#
###.##########...#
#...........>...
########.###...#


You could see an elephant.

Vanquished Creatures
  Fannar (Lair:1)
  Erica (D:8)
  4 elephants
  Joseph (D:8)
  Psyche (D:8)
  A komodo dragon (D:8)
  A rime drake (Lair:1)
  2 hippogriffs
  A spriggan (D:7)
  Grum (D:7)
  A wyvern (D:7)
  A water moccasin (D:7)
  6 orc warriors
  An ice beast (D:6)
  2 black bears
  2 sky beasts
  4 ogres
  2 necrophages (D:8)
  7 wolves
  A centaur (D:7)
  A crocodile (Lair:1)
  6 bullfrogs
  8 wights
  4 howler monkeys
  7 electric eels (D:8)
  3 crimson imps
  A quasit (D:8)
  A bullfrog zombie (D:5)
  A centaur skeleton (D:4)
  A centaur zombie (D:6)
  6 orc priests
  A bullfrog skeleton (D:6)
  3 hounds
  4 jellies
  12 orc wizards
  4 iguanas
  6 worker ants
  6 gnolls (D:5)
  A worker ant zombie (D:7)
  9 adders
  3 shadow imps (D:7)
  3 oozes
  An adder zombie (D:6)
  An adder skeleton (D:7)
  3 worms
  4 dart slugs
  8 leopard geckos
  37 orcs
  8 bats
  4 giant cockroaches
  10 goblins
  10 hobgoblins
  12 jackals
  5 quokkas
  2 ball pythons
  10 frilled lizards
  2 jackal skeletons
  4 kobolds
  A leopard gecko skeleton (D:5)
  A leopard gecko zombie (D:7)
  2 quokka skeletons
  A quokka zombie (D:5)
  14 rats
272 creatures vanquished.

Vanquished Creatures (others)
  A fungus (D:3)
  14 plants
15 creatures vanquished.

Grand Total: 287 creatures vanquished

Notes
Turn   | Place    | Note
-------+----------+-------------------------------------------
     0 | D:1      | MrRokkomies the Centaur Hunter began the quest for the Orb.
     0 | D:1      | Reached XP level 1. HP: 17/17 MP: 1/1
   117 | D:1      | Reached XP level 2. HP: 25/25 MP: 2/2
   487 | D:1      | Reached XP level 3. HP: 30/30 MP: 3/3
   798 | D:2      | Reached skill level 6 in Bows
  1207 | D:2      | Reached XP level 4. HP: 38/38 MP: 4/4
  2142 | D:3      | Found a runed translucent gate.
  2143 | D:3      | Found a runed translucent gate.
  2155 | D:3      | Found a runed translucent gate.
  2156 | D:3      | Noticed Arctilankyr's ghost (weakling NaBe)
  2156 | D:3      | Noticed a big kobold
  2187 | D:3      | Found a shimmering blue altar of Sif Muna.
  2190 | D:3      | Found a radiant altar of Vehumet.
  2193 | D:3      | Found a snail-covered altar of Cheibriados.
  2221 | D:3      | Reached XP level 5. HP: 45/45 MP: 5/5
  2475 | D:3      | Found an iron altar of Okawaru.
  2599 | D:3      | Became a worshipper of Warmaster Okawaru
  3022 | D:4      | Found a blossoming altar of Fedhas.
  3023 | D:4      | Found a hide-covered altar of Uskayaw.
  3023 | D:4      | Found a glowing golden altar of the Shining One.
  3024 | D:4      | Found an ancient bone altar of Kikubaaqudgha.
  3026 | D:4      | Found a shadowy altar of Dithmenos.
  3290 | D:4      | Reached skill level 7 in Bows
  3534 | D:4      | Got a pair of heavily runed gloves
  3545 | D:4      | Identified the +0 pair of gloves "Geunt" {*Slow rC++ Str+7}
                  | (You found it on level 4 of the Dungeon)
  3568 | D:4      | Noticed an ogre
  3580 | D:4      | Killed an ogre
  3580 | D:4      | Reached skill level 1 in Armour
  3580 | D:4      | Reached XP level 6. HP: 35/53 MP: 6/6
  3805 | D:4      | Reached * piety under Okawaru
  4569 | D:4      | Reached skill level 5 in Fighting
  4630 | D:5      | Entered Level 5 of the Dungeon
  4853 | D:5      | Reached XP level 7. HP: 55/61 MP: 7/7
  5301 | D:5      | Found a staircase to the Ecumenical Temple.
  5539 | D:5      | Reached ** piety under Okawaru
  5884 | D:5      | Reached skill level 8 in Bows
  6063 | D:6      | Found an opulent altar of Gozag.
  6121 | D:6      | Reached XP level 8. HP: 71/71 MP: 8/8
  6442 | D:6      | Found a sparkling altar of Nemelex Xobeh.
  6623 | D:6      | Reached skill level 9 in Bows
  6639 | D:6      | Reached *** piety under Okawaru
  6954 | D:6      | Reached XP level 9. HP: 81/81 MP: 9/9
  7290 | D:6      | Found a sacrificial altar of Ru.
  7359 | D:6      | Reached skill level 5 in Armour
  8256 | D:7      | Reached **** piety under Okawaru
  8529 | D:7      | Reached skill level 10 in Bows
  8715 | D:7      | Received a gift from Okawaru
  9448 | D:8      | Noticed Grum
  9690 | D:7      | Killed Grum
  9690 | D:7      | Reached XP level 10. HP: 68/91 MP: 10/10
  9705 | D:8      | Received a gift from Okawaru
 10135 | D:8      | Noticed Erica
 10159 | D:8      | Killed Erica
 10159 | D:8      | Reached skill level 1 in Invocations
 10350 | D:8      | Noticed Psyche
 10352 | D:8      | Paralysed by Psyche for 6 turns
 10371 | D:8      | Killed Psyche
 10371 | D:8      | Reached skill level 10 in Fighting
 10468 | D:8      | Found a staircase to the Lair.
 10505 | D:8      | Noticed Joseph
 10532 | D:8      | Killed Joseph
 10644 | D:8      | Reached ***** piety under Okawaru
 10738 | D:8      | Found a stormy altar of Qazlal.
 11022 | D:8      | Reached skill level 11 in Bows
 12052 | Lair:1   | Entered Level 1 of the Lair of Beasts
 12052 | Lair:1   | Noticed Fannar
 12082 | Lair:1   | Killed Fannar
 12082 | Lair:1   | Received a gift from Okawaru
 12082 | Lair:1   | Reached skill level 1 in Long Blades
 12133 | Lair:1   | Received a gift from Okawaru
 12133 | Lair:1   | Reached XP level 11. HP: 100/100 MP: 13/13
 13096 | Lair:1   | HP: 5/100 [elephant (14)]
 13098 | D:8      | Slain by an elephant

Illustrated notes

Levels and vault maps discovered:
D:1:      saegor_arrival_simple_d, layout_loops_cross, minmay_strange_pillars,
          serial_park_tiny_2, minmay_domino_2
D:2:      layout_basic, minmay_close_crescents
D:3:      layout_rooms, okawaru_gym_becter, grunt_temple_overflow_diamond,
          serial_bayou, serial_bayou_shore_a, serial_bayou_pond_e,
          serial_bayou_pond_e, serial_bayou_shore_b,
          gammafunk_ghost_nasty_kobolds
D:4:      layout_basic, grunt_temple_overflow_open, first_ration
D:5:      layout_loops_ring, minmay_temple_entry_nine_rooms,
          cheibrodos_sewer_entry_sluice
D:6:      layout_basic, old_standard_altar, kennysheep_little_box,
          nicolae_gozag_seed_capital
D:7:      layout_rooms, the_bakery, nzn_random_ring
D:8:      kennysheep_big_flooded_room, layout_basic, lemuel_doored_altar,
          david_lair_shrubbed, hangedman_decor_diamond_cutter, uniq_joseph,
          uniq_grum, uniq_psyche, uniq_erica
Lair:1:   layout_loops_ring, minmay_lair_oklob_chamber, uniq_harold, uniq_fannar

Skill      XL: |  1  2  3  4  5  6  7  8  9 10 11 |
---------------+----------------------------------+-----
Bows           | 6 7 8 9 10 11 | 11.6
Fighting       | 3 4 5 6 7 9 10 | 10.5
Dodging        | 2 |  2.2
Armour         | 1 2 3 4 6 7 8 |  8.0
Invocations    | 3 4 |  4.1
Long Blades    | 1 3 |  3.2
Stealth        | |  0.4

Action                   |  1- 3 |  4- 6 |  7- 9 | 10-12 || total
-------------------------+-------+-------+-------+-------++-------
Melee: Short sword       |       |   107 |       |       ||   107
       Kick              |       |    31 |   112 |    78 ||   221
       Dagger            |       |    30 |   322 |    91 ||   443
       Scimitar          |       |       |       |    81 ||    81
 Fire: Shortbow          |   110 |    94 |   194 |   157 ||   555
Throw: Dart              |       |       |    16 |       ||    16
Invok: Heroism           |       |       |       |     2 ||     2
       Finesse           |       |       |       |     1 ||     1
  Use: Scroll            |     1 |     9 |     4 |     2 ||    16
       Potion            |       |     1 |     1 |       ||     2
 Stab: Sleeping          |       |     2 |     6 |       ||     8
  Eat: Chunk             |       |     9 |    11 |     6 ||    26
       Ration            |       |       |     1 |     1 ||     2
Armor: Leather armour    |     9 |       |       |       ||     9
       Scale mail        |    18 |    61 |       |       ||    79
       Shadow dragon sca |       |    38 |   149 |   183 ||   370
Dodge: Dodged            |    12 |    66 |   124 |    84 ||   286
Block: Other             |       |       |    84 |    51 ||   135
       Reflection        |       |       |     1 |     1 ||     2
       Rpst.: Scimitar   |       |       |       |     6 ||     6

Table legend:
 A = Non-vault XP
 B = Vault XP
 C = Vault XP percentage of total XP
 D = Non-vault monster count
 E = Vault monster count
 F = Vault count percentage of total count
                 A         B        C        D         E       F
            +---------+---------+-------+---------+---------+-------
      Total |    9122 |    4775 |  34.4 |     236 |      36 |  13.2
            +---------+---------+-------+---------+---------+-------
        D:1 |      47 |       3 |   6.0 |      29 |       2 |   6.5
        D:2 |      98 |       8 |   7.5 |      29 |       4 |  12.1
        D:3 |      75 |       0 |   0.0 |      25 |       0 |   0.0
        D:4 |     457 |       0 |   0.0 |      20 |       0 |   0.0
        D:5 |     609 |      10 |   1.6 |      26 |       3 |  10.3
        D:6 |    1791 |       0 |   0.0 |      45 |       0 |   0.0
        D:7 |    1290 |    1220 |  48.6 |      22 |      18 |  45.0
        D:8 |    2733 |    2543 |  48.2 |      32 |       8 |  20.0
     Lair:1 |    2022 |     991 |  32.9 |       8 |       1 |  11.1
            +---------+---------+-------+---------+---------+-------
